| TOP OF THE 1ST |
|
Washington (APP) Nationals batting - Pitching for Johnson City Cardinals : RHP Francisco Galindo
|
|
Pitching: RHP Francisco Galindo
|
|
|
Batting: RHB Justin Van Houten
|
0-0: Ground out 6-3 (Groundball, 6, EV 107.5 MPH)
|
|
Batting: RHB Lamar Thornton
|
0-0: Ball 1-0: Called Strike 1-1: Foul Ball, location: 2F 1-2: Ball 2-2: Ground out 6-3 (Groundball, 56, EV 83.8 MPH)
|
|
Batting: LHB Chance McWilliams
|
0-0: Ball 1-0: Called Strike 1-1: Foul Ball, location: 2F 1-2: Ball 2-2: Ball 3-2: Base on Balls
|
|
Batting: LHB Elias Posada
|
0-0: Ball 1-0: Ball 2-0: Foul Ball, location: 2F 2-1: Ball 3-1: Ground out 4-3 (Groundball, 4, EV 102.5 MPH)
|
| Top of the 1st over - 0 runs, 0 hits, 0 errors, 1 left on base; Washington (APP) 0 - Johnson City 0 |
| BOTTOM OF THE 1ST |
|
Johnson City Cardinals batting - Pitching for Washington (APP) Nationals : RHP Steve Schneider
|
|
Pitching: RHP Steve Schneider
|
|
|
Batting: RHB Nick Latulippe
|
0-0: Ball 1-0: Foul Ball, location: 2F 1-1: Ball 2-1: Foul Ball, location: 2F 2-2: Strikes out looking
|
|
Batting: LHB Billy Lang
|
0-0: Ball 1-0: Called Strike 1-1: Ball 2-1: Foul Ball, location: 2F 2-2: Ball 3-2: Strikes out looking
|
|
Batting: RHB Kyle Burns
|
0-0: Called Strike 0-1: Ball 1-1: Ball 2-1: Foul Ball, location: 2F 2-2: Ball 3-2: Base on Balls
|
|
Batting: SHB Justin Towry
|
0-0: Ball 1-0: Ball 2-0: Called Strike 2-1: Ball 3-1: Base on Balls Kyle Burns to second
|
|
Batting: RHB Herbert Loveless
|
0-0: Ball Wild Pitch! Kyle Burns to third Justin Towry to second 1-0: Called Strike 1-1: Ball Wild Pitch! Kyle Burns scores Justin Towry to third 2-1: Foul Ball, location: 2F 2-2: Foul Ball, location: 2F 2-2: Hit by Pitch
|
|
Batting: LHB Ken Compton
|
0-0: Ball 1-0: Fly out, F8 (Flyball, 8LM, EV 85.0 MPH)
|
| Bottom of the 1st over - 1 run, 0 hits, 0 errors, 2 left on base; Washington (APP) 0 - Johnson City 1 |
| TOP OF THE 2ND |
|
Washington (APP) Nationals batting - Pitching for Johnson City Cardinals : RHP Francisco Galindo
|
|
Batting: RHB Tylor Cyr
|
0-0: Ground out 5-3 (Groundball, 56S, EV 68.8 MPH)
|
|
Batting: LHB Jim Weidman
|
0-0: Ball 1-0: Foul Ball, location: 2F 1-1: Foul Ball, location: 2F 1-2: Strikes out swinging
|
|
Batting: RHB Er Le
|
0-0: Ball 1-0: Ball 2-0: Foul Ball, location: 2F 2-1: Foul Ball, location: 2F 2-2: Strikes out swinging
|
| Top of the 2nd over - 0 runs, 0 hits, 0 errors, 0 left on base; Washington (APP) 0 - Johnson City 1 |
| BOTTOM OF THE 2ND |
|
Johnson City Cardinals batting - Pitching for Washington (APP) Nationals : RHP Steve Schneider
|
|
Batting: RHB Alex Melgoza
|
0-0: Swinging Strike 0-1: Ball 1-1: Swinging Strike 1-2: Foul Ball, location: 2F 1-2: Foul Ball, location: 2F 1-2: Ball 2-2: Ground out 6-3 (Groundball, 6D, EV 80.6 MPH)
|
|
Batting: RHB Bobby Miles
|
0-0: Called Strike 0-1: Ball 1-1: Foul Ball, location: 2F 1-2: Ball 2-2: Ball 3-2: Foul Ball, location: 2F 3-2: Base on Balls
|
|
Batting: RHB Edgar Klockow
|
0-0: Called Strike 0-1: Ball 1-1: Called Strike 1-2: Foul Ball, location: 2F 1-2: SINGLE (Line Drive, 78M, EV 104.4 MPH) Bobby Miles to second
|
|
Batting: RHB Nick Latulippe
|
0-0: Called Strike 0-1: Ball Bobby Miles steals 3rd base Edgar Klockow to second 1-1: Ball 2-1: Ball 3-1: Base on Balls
|
|
Batting: LHB Billy Lang
|
0-0: Ball 1-0: Ball 2-0: Called Strike 2-1: Foul Ball, location: 2F 2-2: Ball 3-2: Fly out, F8 (Flyball, 8RD, EV 93.8 MPH) Runner from 3rd tags up, SCORES, throw by CF Edgar Klockow to third
|
|
Batting: RHB Kyle Burns
|
0-0: Called Strike 0-1: Called Strike 0-2: Foul Ball, location: 2F 0-2: Foul Ball, location: 2F 0-2: Strikes out swinging
|
| Bottom of the 2nd over - 1 run, 1 hit, 0 errors, 2 left on base; Washington (APP) 0 - Johnson City 2 |
| TOP OF THE 3RD |
|
Washington (APP) Nationals batting - Pitching for Johnson City Cardinals : RHP Francisco Galindo
|
|
Batting: RHB Jason Ewert
|
0-0: Swinging Strike 0-1: Fly out, F9 (Line Drive, 89M, EV 90.0 MPH)
|
|
Batting: RHB Danny Juarez
|
0-0: Called Strike 0-1: Ball 1-1: Ball 2-1: Swinging Strike 2-2: Strikes out swinging
|
|
Batting: RHB Justin Van Houten
|
0-0: Called Strike 0-1: Ball 1-1: Called Strike 1-2: Ball 2-2: Ball 3-2: Ground out 6-3 (Groundball, 6, EV 105.0 MPH)
|
| Top of the 3rd over - 0 runs, 0 hits, 0 errors, 0 left on base; Washington (APP) 0 - Johnson City 2 |
| BOTTOM OF THE 3RD |
|
Johnson City Cardinals batting - Pitching for Washington (APP) Nationals : RHP Steve Schneider
|
|
Batting: SHB Justin Towry
|
0-0: Swinging Strike 0-1: Ball 1-1: Ball 2-1: Called Strike 2-2: Strikes out looking
|
|
Pitching: RHP Matt Norris
|
|
|
Batting: RHB Herbert Loveless
|
0-0: Ball 1-0: Fly out, F9 (Line Drive, 9LS, EV 86.2 MPH)
|
|
Batting: LHB Ken Compton
|
0-0: Called Strike 0-1: Swinging Strike 0-2: Ball 1-2: Foul Ball, location: 2F 1-2: Strikes out looking
|
| Bottom of the 3rd over - 0 runs, 0 hits, 0 errors, 0 left on base; Washington (APP) 0 - Johnson City 2 |
| TOP OF THE 4TH |
|
Washington (APP) Nationals batting - Pitching for Johnson City Cardinals : RHP Francisco Galindo
|
|
Now at SS: Sam Daw
|
|
|
Batting: RHB Lamar Thornton
|
0-0: Ground out 5-3 (Groundball, 56, EV 89.4 MPH)
|
|
Batting: LHB Chance McWilliams
|
0-0: Called Strike 0-1: Called Strike 0-2: Ball 1-2: Ball 2-2: Ground out U3 (Groundball, 3, EV 91.2 MPH)
|
|
Batting: LHB Elias Posada
|
0-0: Ball 1-0: Swinging Strike 1-1: Foul Ball, location: 2F 1-2: Foul Ball, location: 2F 1-2: Foul Ball, location: 2F 1-2: Foul Ball, location: 2F 1-2: Ball 2-2: Ball 3-2: Base on Balls
|
|
Batting: RHB Tylor Cyr
|
0-0: Ball Elias Posada steals 2nd base 1-0: Ball 2-0: Foul Ball, location: 2F 2-1: Ball 3-1: Base on Balls
|
|
Batting: LHB Jim Weidman
|
0-0: Ball 1-0: Ball 2-0: Called Strike 2-1: Fly out, F5 (Popup, 56, EV 80.0 MPH)
|
| Top of the 4th over - 0 runs, 0 hits, 0 errors, 2 left on base; Washington (APP) 0 - Johnson City 2 |
| BOTTOM OF THE 4TH |
|
Johnson City Cardinals batting - Pitching for Washington (APP) Nationals : RHP Matt Norris
|
|
Batting: RHB Alex Melgoza
|
0-0: Foul Ball, location: 2F 0-1: Called Strike 0-2: SINGLE (Groundball, 56, EV 102.5 MPH) (infield hit)
|
|
Batting: RHB Bobby Miles
|
0-0: Called Strike 0-1: Ball 1-1: Ground out 6-3 (Groundball, 6M, EV 110.6 MPH) Alex Melgoza to second
|
|
Batting: RHB Edgar Klockow
|
0-0: Ball 1-0: Ball 2-0: Reached via error on a dropped throw from SS, E3 (Groundball, 56, EV 84.4 MPH) Alex Melgoza to third
|
|
Batting: RHB Nick Latulippe
|
0-0: Called Strike 0-1: Ball 1-1: Swinging Strike 1-2: Foul Ball, location: 2F 1-2: Ball 2-2: Foul Ball, location: 2F 2-2: Fly out, F9 (Flyball, 9, EV 86.2 MPH) Runner from 3rd tags up, OUT at HOME! 9-2
|
| Bottom of the 4th over - 0 runs, 1 hit, 1 error, 1 left on base; Washington (APP) 0 - Johnson City 2 |
| TOP OF THE 5TH |
|
Washington (APP) Nationals batting - Pitching for Johnson City Cardinals : RHP Francisco Galindo
|
|
Batting: RHB Er Le
|
0-0: Ball 1-0: Called Strike 1-1: Foul Ball, location: 2F 1-2: Ground out 6-3 (Groundball, 6M, EV 98.8 MPH)
|
|
Batting: RHB Jason Ewert
|
0-0: Ball 1-0: Ball 2-0: Called Strike 2-1: SINGLE (Flyball, 8LS, EV 91.2 MPH) - OUT at second base trying to stretch hit.
|
|
Batting: RHB Danny Juarez
|
0-0: Swinging Strike 0-1: Foul Ball, location: 2F 0-2: Ball 1-2: Foul Ball, location: 2F 1-2: Strikes out looking
|
| Top of the 5th over - 0 runs, 1 hit, 0 errors, 0 left on base; Washington (APP) 0 - Johnson City 2 |
| BOTTOM OF THE 5TH |
|
Johnson City Cardinals batting - Pitching for Washington (APP) Nationals : RHP Matt Norris
|
|
Batting: LHB Billy Lang
|
0-0: Ball 1-0: Ball 2-0: Called Strike 2-1: Foul Ball, location: 2F 2-2: SINGLE (Groundball, 34D, EV 95.0 MPH)
|
|
Pitching: LHP Mike Rosas
|
|
|
Batting: RHB Sam Daw
|
0-0: Foul Ball, location: 2F 0-1: Ball 1-1: Ball 2-1: Foul Ball, location: 2F 2-2: Ball 3-2: Base on Balls Billy Lang to second
|
|
Batting: SHB Justin Towry
|
0-0: Fielders Choice at 2nd, 3-6 (Groundball, 34S, EV 91.9 MPH) Billy Lang to third
|
|
Batting: RHB Herbert Loveless
|
0-0: 3-RUN HOME RUN (Flyball, 7D, EV 98.8 MPH), Distance : 389 ft
|
|
Batting: LHB Ken Compton
|
0-0: Ball 1-0: Swinging Strike 1-1: Foul Ball, location: 2F 1-2: Ball 2-2: Ball 3-2: Ground out 4-3 (Groundball, 4, EV 111.9 MPH)
|
|
Batting: RHB Alex Melgoza
|
0-0: Foul Ball, location: 2F 0-1: Foul Ball, location: 2F 0-2: DOUBLE (Flyball, 8LXD, EV 108.8 MPH)
|
|
Batting: RHB Bobby Miles
|
0-0: Foul Ball, location: 2F 0-1: Fly out, F2 (Popup, 23F, EV 90.6 MPH)
|
| Bottom of the 5th over - 3 runs, 3 hits, 0 errors, 1 left on base; Washington (APP) 0 - Johnson City 5 |
| TOP OF THE 6TH |
|
Washington (APP) Nationals batting - Pitching for Johnson City Cardinals : RHP Francisco Galindo
|
|
Batting: RHB Justin Van Houten
|
0-0: Ball 1-0: Ball 2-0: Ball 3-0: Called Strike 3-1: Base on Balls
|
|
Pitching: LHP Andy Fitzsimmons
|
|
|
Batting: RHB Lamar Thornton
|
0-0: Ball 1-0: Called Strike 1-1: Swinging Strike 1-2: Ball 2-2: Foul Ball, location: 2F 2-2: Fly out, F9 (Line Drive, 89M, EV 100.0 MPH)
|
|
Batting: LHB Chance McWilliams
|
0-0: Called Strike Justin Van Houten is caught stealing 2nd base 2-6 0-1: Swinging Strike 0-2: Ball 1-2: Foul Ball, location: 2F 1-2: Foul Ball, location: 2F 1-2: Ball 2-2: Ball 3-2: Foul Ball, location: 2F 3-2: Base on Balls
|
|
Batting: LHB Elias Posada
|
0-0: Ball Chance McWilliams is caught stealing 2nd base 2-6
|
| Top of the 6th over - 0 runs, 0 hits, 0 errors, 0 left on base; Washington (APP) 0 - Johnson City 5 |
| BOTTOM OF THE 6TH |
|
Johnson City Cardinals batting - Pitching for Washington (APP) Nationals : LHP Mike Rosas
|
|
Batting: RHB Edgar Klockow
|
0-0: DOUBLE (Groundball, 5L, EV 108.8 MPH)
|
|
Batting: RHB Nick Latulippe
|
0-0: Foul Ball, location: 2F 0-1: Ball 1-1: Ground out 6-3 (Groundball, 6, EV 87.5 MPH)
|
|
Batting: LHB Billy Lang
|
0-0: Ball 1-0: Ball 2-0: Ball 3-0: Called Strike 3-1: Base on Balls
|
|
Batting: RHB Sam Daw
|
0-0: Ball 1-0: Foul Ball, location: 2F 1-1: Fielders Choice at 2nd, 6-4 (Groundball, 6, EV 101.9 MPH) Edgar Klockow to third
|
|
Batting: SHB Justin Towry
|
0-0: Called Strike 0-1: Ball 1-1: Ball 2-1: Ball 3-1: Called Strike 3-2: Strikes out looking
|
| Bottom of the 6th over - 0 runs, 1 hit, 0 errors, 2 left on base; Washington (APP) 0 - Johnson City 5 |
| TOP OF THE 7TH |
|
Washington (APP) Nationals batting - Pitching for Johnson City Cardinals : LHP Andy Fitzsimmons
|
|
Batting: LHB Elias Posada
|
0-0: SOLO HOME RUN (Flyball, 9LD, EV 92.5 MPH), Distance : 328 ft
|
|
Batting: RHB Tylor Cyr
|
0-0: Foul Ball, location: 2F 0-1: Called Strike 0-2: Ball 1-2: Strikes out swinging
|
|
Pitching: RHP Jim Morse
|
|
|
Batting: LHB Jim Weidman
|
0-0: Called Strike 0-1: Ball 1-1: Foul Ball, location: 2F 1-2: Ground out 4-3 (Groundball, 4, EV 89.4 MPH)
|
|
Batting: RHB Er Le
|
0-0: Swinging Strike 0-1: Swinging Strike 0-2: Ground out 4-3 (Groundball, 4MD, EV 86.2 MPH)
|
| Top of the 7th over - 1 run, 1 hit, 0 errors, 0 left on base; Washington (APP) 1 - Johnson City 5 |
| BOTTOM OF THE 7TH |
|
Johnson City Cardinals batting - Pitching for Washington (APP) Nationals : LHP Mike Rosas
|
|
Batting: RHB Herbert Loveless
|
0-0: Called Strike 0-1: Foul Ball, location: 2F 0-2: Strikes out swinging
|
|
Batting: LHB Ken Compton
|
0-0: Ball 1-0: Ground out 3-1 (Groundball, 34, EV 83.1 MPH)
|
|
Batting: RHB Alex Melgoza
|
0-0: Ball 1-0: SINGLE (Groundball, 6D, EV 95.6 MPH)
|
|
Pitching: RHP Halewijn Bos
|
|
|
Batting: RHB Bobby Miles
|
0-0: Called Strike 0-1: Called Strike 0-2: Ball 1-2: SINGLE (Groundball, 6MD, EV 115.6 MPH) (infield hit) Alex Melgoza to second
|
|
Batting: RHB Edgar Klockow
|
0-0: Foul Ball, location: 2F 0-1: Ball 1-1: Ball 2-1: Fielders Choice at 2nd, 6-4 (Groundball, 6, EV 86.9 MPH)
|
| Bottom of the 7th over - 0 runs, 2 hits, 0 errors, 2 left on base; Washington (APP) 1 - Johnson City 5 |
| TOP OF THE 8TH |
|
Washington (APP) Nationals batting - Pitching for Johnson City Cardinals : RHP Jim Morse
|
|
Batting: RHB Jason Ewert
|
0-0: Fly out, F7 (Flyball, 7D, EV 94.4 MPH)
|
|
Batting: RHB Danny Juarez
|
0-0: Ball 1-0: Ground out 1-3 (Groundball, 13S, EV 62.5 MPH)
|
|
Batting: RHB Justin Van Houten
|
0-0: Ball 1-0: Called Strike 1-1: Ball 2-1: Called Strike 2-2: Ball 3-2: Base on Balls
|
|
Batting: RHB Lamar Thornton
|
0-0: Ball 1-0: Ball 2-0: Ball 3-0: Base on Balls Justin Van Houten to second
|
|
Pitching: LHP Heriberto Flores
|
|
|
Batting: LHB Chance McWilliams
|
0-0: Called Strike 0-1: Foul Ball, location: 2F 0-2: Foul Ball, location: 2F 0-2: Ball 1-2: Foul Ball, location: 2F 1-2: Foul Ball, location: 2F 1-2: Ball 2-2: Strikes out swinging
|
| Top of the 8th over - 0 runs, 0 hits, 0 errors, 2 left on base; Washington (APP) 1 - Johnson City 5 |
| BOTTOM OF THE 8TH |
|
Johnson City Cardinals batting - Pitching for Washington (APP) Nationals : RHP Halewijn Bos
|
|
Batting: RHB Nick Latulippe
|
0-0: Swinging Strike 0-1: Swinging Strike 0-2: Ground out 5-3 (Groundball, 56, EV 81.2 MPH)
|
|
Batting: LHB Billy Lang
|
0-0: Called Strike 0-1: Ball 1-1: Swinging Strike 1-2: Strikes out swinging
|
|
Batting: RHB Sam Daw
|
0-0: Ground out 6-3 (Groundball, 6, EV 81.9 MPH)
|
| Bottom of the 8th over - 0 runs, 0 hits, 0 errors, 0 left on base; Washington (APP) 1 - Johnson City 5 |
| TOP OF THE 9TH |
|
Washington (APP) Nationals batting - Pitching for Johnson City Cardinals : LHP Heriberto Flores
|
|
Batting: LHB Elias Posada
|
0-0: Called Strike 0-1: Ball 1-1: Ball 2-1: Ball 3-1: Foul Ball, location: 2F 3-2: Foul Ball, location: 2F 3-2: SOLO HOME RUN (Flyball, 89XD, EV 98.1 MPH), Distance : 415 ft
|
|
Batting: RHB Tylor Cyr
|
0-0: Ground out 6-3 (Groundball, 6M, EV 102.5 MPH)
|
|
Batting: LHB Jim Weidman
|
0-0: Ball 1-0: Ball 2-0: Ball 3-0: Base on Balls
|
|
Batting: RHB Er Le
|
0-0: Called Strike 0-1: Ball 1-1: Foul Ball, location: 2F 1-2: Strikes out swinging
|
|
Batting: RHB Jason Ewert
|
0-0: Ball 1-0: SINGLE (Groundball, 6D, EV 95.6 MPH) Jim Weidman to second
|
|
Batting: RHB Danny Juarez
|
0-0: SINGLE (Groundball, 56D, EV 98.8 MPH) Jim Weidman to third Jason Ewert to second
|
|
Batting: RHB Justin Van Houten
|
0-0: Ball 1-0: Ball 2-0: Ball 3-0: Called Strike 3-1: Base on Balls Jim Weidman scores Jason Ewert to third Danny Juarez to second
|
|
Batting: RHB Lamar Thornton
|
0-0: Ball 1-0: Ball 2-0: Ball 3-0: Base on Balls Jason Ewert scores Danny Juarez to third Justin Van Houten to second
|
|
Batting: LHB Chance McWilliams
|
0-0: Ball 1-0: Ball 2-0: Ball 3-0: Base on Balls Danny Juarez scores Justin Van Houten to third Lamar Thornton to second
|
|
Batting: LHB Elias Posada
|
0-0: Foul Ball, location: 2F 0-1: Ball 1-1: Ball 2-1: Foul Ball, location: 2F 2-2: Foul Ball, location: 2F 2-2: Ground out 4-3 (Groundball, 4, EV 96.2 MPH)
|
| Top of the 9th over - 4 runs, 3 hits, 0 errors, 3 left on base; Washington (APP) 5 - Johnson City 5 |
| BOTTOM OF THE 9TH |
|
Johnson City Cardinals batting - Pitching for Washington (APP) Nationals : RHP Halewijn Bos
|
|
Batting: SHB Justin Towry
|
0-0: Ball 1-0: Foul Ball, location: 2F 1-1: Foul Ball, location: 2F 1-2: Foul Ball, location: 2F 1-2: Strikes out swinging
|
|
Batting: RHB Herbert Loveless
|
0-0: Called Strike 0-1: Swinging Strike 0-2: Strikes out swinging
|
|
Batting: LHB Ken Compton
|
0-0: Swinging Strike 0-1: Ball 1-1: Swinging Strike 1-2: Ball 2-2: Ball 3-2: Base on Balls
|
|
Pitching: RHP Ramiro Ramirez
|
|
|
Batting: RHB Alex Melgoza
|
0-0: Ball 1-0: Called Strike Ken Compton steals 2nd base 1-1: Ball 2-1: Ball 3-1: Fly out, F8 (Flyball, 78S, EV 75.6 MPH)
|
| Bottom of the 9th over - 0 runs, 0 hits, 0 errors, 1 left on base; Washington (APP) 5 - Johnson City 5 |
| TOP OF THE 10TH |
|
Washington (APP) Nationals batting - Pitching for Johnson City Cardinals : LHP Heriberto Flores
|
|
Batting: RHB Tylor Cyr
|
0-0: Foul Ball, location: 2F 0-1: Foul Ball, location: 2F 0-2: Ball 1-2: Ball 2-2: SOLO HOME RUN (Flyball, 78XD, EV 100.0 MPH), Distance : 416 ft
|
|
Batting: LHB Jim Weidman
|
0-0: Called Strike 0-1: Called Strike 0-2: Foul Ball, location: 2F 0-2: Ball 1-2: DOUBLE (Groundball, 3L, EV 100.6 MPH)
|
|
Batting: RHB Er Le
|
0-0: Intentional Walk
|
|
Batting: RHB Jason Ewert
|
0-0: Ball 1-0: Called Strike 1-1: Bunt missed! 1-2: 3-RUN HOME RUN (Flyball, 7D, EV 99.4 MPH), Distance : 380 ft
|
|
Pitching: RHP Norietsu Higashi
|
|
|
Batting: RHB Danny Juarez
|
0-0: Called Strike 0-1: Foul Ball, location: 2F 0-2: Ball 1-2: Fly out, F7 (Flyball, 7LM, EV 104.4 MPH)
|
|
Batting: RHB Justin Van Houten
|
0-0: Ball 1-0: Ball 2-0: Ball 3-0: Called Strike 3-1: Called Strike 3-2: SOLO HOME RUN (Flyball, 7LD, EV 95.0 MPH), Distance : 358 ft
|
|
Batting: RHB Lamar Thornton
|
0-0: Foul Ball, location: 2F 0-1: Ball 1-1: Swinging Strike 1-2: Ball 2-2: Ball 3-2: Strikes out swinging
|
|
Batting: LHB Chance McWilliams
|
0-0: Ball 1-0: Ball 2-0: Called Strike 2-1: Swinging Strike 2-2: Hit by Pitch
|
|
Batting: LHB Elias Posada
|
0-0: Ball 1-0: Foul Ball, location: 2F 1-1: Ball Wild Pitch! Chance McWilliams to second 2-1: Ball 3-1: Called Strike 3-2: Base on Balls
|
|
Batting: RHB Tylor Cyr
|
0-0: Ball Passed Ball! Chance McWilliams to third Elias Posada to second 1-0: Swinging Strike 1-1: SINGLE (Groundball, 6D, EV 102.5 MPH) Chance McWilliams scores Elias Posada to third Runner from 3rd tries for Home, SAFE, throw by CF to home
|
|
Batting: LHB Jim Weidman
|
0-0: Called Strike 0-1: Ball 1-1: Ground out U3 (Groundball, 3, EV 105.0 MPH)
|
| Top of the 10th over - 7 runs, 5 hits, 0 errors, 1 left on base; Washington (APP) 12 - Johnson City 5 |
| BOTTOM OF THE 10TH |
|
Johnson City Cardinals batting - Pitching for Washington (APP) Nationals : RHP Ramiro Ramirez
|
|
Pinch Hitting: RHB Diego Herrera
|
0-0: Called Strike 0-1: Ball 1-1: Swinging Strike 1-2: Fly out, F8 (Flyball, 8LD, EV 88.8 MPH)
|
|
Batting: RHB Edgar Klockow
|
0-0: Called Strike 0-1: Called Strike 0-2: Ball 1-2: SINGLE (Line Drive, 56D, EV 103.1 MPH)
|
|
Batting: RHB Nick Latulippe
|
0-0: Ball 1-0: Fielders Choice at 2nd, 6-4 (Groundball, 6, EV 103.8 MPH)
|
|
Batting: LHB Billy Lang
|
0-0: Ball 1-0: Ball 2-0: Ball 3-0: Base on Balls Nick Latulippe to second
|
|
Batting: RHB Sam Daw
|
0-0: Ball 1-0: Foul Ball, location: 2F 1-1: Ground out 3-1 (Groundball, 34, EV 85.0 MPH)
|
| Bottom of the 10th over - 0 runs, 1 hit, 0 errors, 2 left on base; Washington (APP) 12 - Johnson City 5 |
|